Workbook
Name FDE: 'Ar Condicionado'!$A$13:$H$144
Name FDE: 'Civil '!$A$12:$H$72
Name FDE: #REF!
Name FDE: 'Gases Medicinais'!$A$13:$H$74
Name FDE: Hidraulica!$A$13:$H$36
Name FDE: #REF!
Name licitação: 'Ar Condicionado'!$A$16:$H$143
Name licitação: 'Civil '!$A$15:$H$69
Name licitação: 'Gases Medicinais'!$A$16:$H$73
Name licitação: Hidraulica!$A$16:$H$35
Name licitação: #REF!

Sheet Tabela Custos
A2: TABELA DE CUSTOS SINTÉTICA
A3: Data Base : | B3: Abril/13 | D3: Região : | E3: São Paulo/SP
A7: CÓDIGO | B7: ESPECIFICAÇÃO DO SERVIÇO | C7: UNIDADE | D7: MATERIAL (R$) | E7: MÃO-DE-OBRA (R$) | F7: TOTAL (R$)
A9: =#REF! -> #REF! | B9: =#REF! -> #REF! | C9: =#REF! -> #REF! | D9: =#REF! -> #REF! | E9: =#REF! -> #REF! | F9: =#REF! -> #REF!
A10: =#REF! -> #REF! | B10: =#REF! -> #REF! | C10: =#REF! -> #REF! | D10: =#REF! -> #REF! | E10: =#REF! -> #REF! | F10: =#REF! -> #REF!
A11: =#REF! -> #REF! | B11: =#REF! -> #REF! | C11: =#REF! -> #REF! | D11: =#REF! -> #REF! | E11: =#REF! -> #REF! | F11: =#REF! -> #REF!
A12: =#REF! -> #REF! | B12: =#REF! -> #REF! | C12: =#REF! -> #REF! | D12: =#REF! -> #REF! | E12: =#REF! -> #REF! | F12: =#REF! -> #REF!
A13: =#REF! -> #REF! | B13: =#REF! -> #REF! | C13: =#REF! -> #REF! | D13: =#REF! -> #REF! | E13: =#REF! -> #REF! | F13: =#REF! -> #REF!
A14: =#REF! -> #REF! | B14: =#REF! -> #REF! | C14: =#REF! -> #REF! | D14: =#REF! -> #REF! | E14: =#REF! -> #REF! | F14: =#REF! -> #REF!
A15: =#REF! -> #REF! | B15: =#REF! -> #REF! | C15: =#REF! -> #REF! | D15: =#REF! -> #REF! | E15: =#REF! -> #REF! | F15: =#REF! -> #REF!
A16: =#REF! -> #REF! | B16: =#REF! -> #REF! | C16: =#REF! -> #REF! | D16: =#REF! -> #REF! | E16: =#REF! -> #REF! | F16: =#REF! -> #REF!
A17: =#REF! -> #REF! | B17: =#REF! -> #REF! | C17: =#REF! -> #REF! | D17: =#REF! -> #REF! | E17: =#REF! -> #REF! | F17: =#REF! -> #REF!
A18: =#REF! -> #REF! | B18: =#REF! -> #REF! | C18: =#REF! -> #REF! | D18: =#REF! -> #REF! | E18: =#REF! -> #REF! | F18: =#REF! -> #REF!
A19: =#REF! -> #REF! | B19: =#REF! -> #REF! | C19: =#REF! -> #REF! | D19: =#REF! -> #REF! | E19: =#REF! -> #REF! | F19: =#REF! -> #REF!
A20: =#REF! -> #REF! | B20: =#REF! -> #REF! | C20: =#REF! -> #REF! | D20: =#REF! -> #REF! | E20: =#REF! -> #REF! | F20: =#REF! -> #REF!
... A4500: =#REF! -> #REF! | B4500: =#REF! -> #REF! | C4500: =#REF! -> #REF! | D4500: =#REF! -> #REF! | E4500: =#REF! -> #REF! | F4500: =#REF! -> #REF!

Sheet Civil 
B1: PREFEITURA do MUNICÍPIO de ITAPETININGA
B2: ____________ ESTADO DE SÃO PAULO ____________
C4: PLANILHA ORÇAMENTÁRIA
A6: OBRA: | B6: ADEQUAÇÃO HOSPITAL REGIONAL
A7: LOCAL: | B7: RUA PADRE ALBUQUERQUE - ITAPETININGA-SP
G8: B.D.I: | H8: 0.25
A9: DATA BASE: PINI Novembro/2014, CPOS 164 c/ desoneração - Dezembro/2014 e MERCADO
A12: CÓDIGO | B12: DESCRIÇÃO DOS SERVIÇOS | E12: UNID | F12: QUANT | G12: PREÇO
G13: UNITÁRIO | H13: TOTAL
A15: 1. | B15: SERVIÇOS PRELIMINARES | F15: 22 | H15: =SUBTOTAL(9,H16:H21) -> 23929.94
A16: 1.1 | B16: ABRIGO PROVISÓRIO DE MADEIRA PARA ALOJAMENTO E/OU DEPÓSITO DE MATERIAIS E FERRAMENTAS | E16: M² | F16: 12 | G16: 308.61 | H16: =IFERROR(ROUND(F16*G16,2)," ") -> 3703.32
A17: 1.2 | B17: PLACA DE IDENTIFICAÇÃO PARA OBRA | E17: M² | F17: 6 | G17: 354.49 | H17: =IFERROR(ROUND(F17*G17,2)," ") -> 2126.94
A18: 1.3 | B18: LIGAÇÃO PROVISÓRIA DE LUZ E FORÇA PARA OBRA - INSTALAÇÃO MÍNIMA | E18: UN | F18: 1 | G18: 1215.61 | H18: =IFERROR(ROUND(F18*G18,2)," ") -> 1215.61
A19: 1.4 | B19: LIGAÇÃO PROVISÓRIA DE ÁGUA PARA OBRA E INSTALAÇÃO SANITÁRIA PROVISÓRIA, PEQUENAS OBRAS - INSTALAÇÃO MÍNIMA | E19: UN | F19: 1 | G19: 1573.8 | H19: =IFERROR(ROUND(F19*G19,2)," ") -> 1573.8
A20: 1.5 | B20: PORTÃO DE MADEIRA EM CHAPA COMPENSADA PARA TAPUME, LARGURA 3 M E ALTURA 2 M | E20: UN | F20: 1 | G20: 310.27 | H20: =IFERROR(ROUND(F20*G20,2)," ") -> 310.27
A21: 1.6 | B21: ELABORAÇÃO DE AS BUILT | E21: VB | F21: 1 | G21: 15000 | H21: =IFERROR(ROUND(F21*G21,2)," ") -> 15000
A22: 2. | B22: DEMOLIÇÕES / RETIRADAS | H22: =SUBTOTAL(9,H23:H27) -> 5284.71
A23: 2.1 | B23: DEMOLIÇÃO DE ALVENARIA, SEM REAPROVEITAMENTO | E23: M³ | F23: 103.61 | G23: 37.43 | H23: =IFERROR(ROUND(F23*G23,2)," ") -> 3878.12
A24: 2.2 | B24: REMOÇÃO DE ESQUADRIA DE MADEIRA(PORTAS), INCLUSIVE BATENTE | E24: M² | F24: 51.87 | G24: 9.98 | H24: =IFERROR(ROUND(F24*G24,2)," ") -> 517.66
A25: 2.3 | B25: DEMOLIÇÃO DE PISO CERÂMICO | E25: M² | F25: 34 | G25: 8.73 | H25: =IFERROR(ROUND(F25*G25,2)," ") -> 296.82
A26: 2.4 | B26: DEMOLIÇÃO DE REVESTIMENTO DE AZULEJO | E26: M² | F26: 158.63 | G26: 3.12 | H26: =IFERROR(ROUND(F26*G26,2)," ") -> 494.93
A27: 2.5 | B27: DEMOLIÇÃO MANUAL DE LAJES PRÉ-MOLDADAS, INCLUINDO REVESTIMENTO | E27: M² | F27: 6.67 | G27: 14.57 | H27: =IFERROR(ROUND(F27*G27,2)," ") -> 97.18
A28: 3. | B28: LAJE PRÉ-FABRICADA | H28: =SUBTOTAL(9,H29:H30) -> 1262.29
A29: 3.1 | B29: LAJE PRÉ-FABRICADA TRELIÇADA PARA PISO OU COBERTURA, INTEREIXO 50 CM, ESPESSURA DA LAJE 20 CM, CAPEAMENTO, 4 CM, ELEMENTO DE ENCHIMENTO 16 CM (PNE) | E29: M² | F29: 6.67 | G29: 96.35 | H29: =IFERROR(ROUND(F29*G29,2)," ") -> 642.65
A30: 3.2 | B30: LAJE PRÉ-FABRICADA COMUM PARA FORRO, INTEREIXO 38 CM, ESPESSURA DA LAJE 12 CM, CAPEAMENTO 4 CM, ELEMENTO DE ENCHIMENTO 8 CM (ELEVADOR) | E30: M² | F30: 6.67 | G30: 92.9 | H30: =IFERROR(ROUND(F30*G30,2)," ") -> 619.64
A31: 4. | B31: ALVENARIA E OUTROS ELEMENTOS DIVISÓRIOS | H31: =SUBTOTAL(9,H32:H35) -> 45738.14
A32: 4.1 | B32: ALVENARIA DE VEDAÇÃO COM BLOCOS CERÂMICO FURADOS 9 X 19 X 19 CM FUROS HORIZONTAIS, ESPESSURA DA PAREDE 9 CM, JUNTAS DE 10 MM COM ARGAMASSA MISTA DE CIMENTO, CAL HIDRATADA E AREIA SEM PENEIRAR TRAÇO 1:2:8 | E32: M² | F32: 137.8 | G32: 29.6 | H32: =IFERROR(ROUND(F32*G32,2)," ") -> 4078.88
A33: 4.2 | B33: PAREDE DE GESSO ACARTONADO DUPLA INTERNA, SISTEMA DRY WALL | E33: M² | F33: 226.6 | G33: 114.16 | H33: =IFERROR(ROUND(F33*G33,2)," ") -> 25868.66
A34: 4.3 | B34: PAREDE DE GESSO ACARTONADO PARA PAREDE INTERNA EM LOCAL ÚMIDO, SISTEMA DRY WALL | E34: M² | F34: 169.86 | G34: 83.47 | H34: =IFERROR(ROUND(F34*G34,2)," ") -> 14178.21
A35: 4.4 | B35: DIVISÓRIA ESTRUTURADA EM PERFIL DE ALUMÍNIO DUPLO, COM PAINEL EM LAMINADO MELAMÍNICO ESTRUTURAL TS, ESPESSURA 10MM | E35: M² | F35: 25.42 | G35: 63.43 | H35: =IFERROR(ROUND(F35*G35,2)," ") -> 1612.39
A36: 5. | B36: ELEMENTOS DE MADEIRA / COMPONENTES ESPECIAIS | H36: =SUBTOTAL(9,H37:H42) -> 13420.21
A37: 5.1 | B37: PORTA SANITARIA EM LAMINADO MELAMINICO (Altura 1,65m/Largura 0,60 cm), COM BATENTE E FERRAGENS | E37: UN | F37: 6 | G37: 453.66 | H37: =IFERROR(ROUND(F37*G37,2)," ") -> 2721.96
A38: 5.2 | B38: P2 - PORTA DE MADEIRA REVESTIDA EM LAMINADO MELAMÍNICO ACABAMENTO TEXTURIZADO, BATENTE METÁLICO, NA DIMENSÃO 0,80 x 2,10M, INCLUSIVE FERRAGENS | E38: UN | F38: 3 | G38: 740.99 | H38: =IFERROR(ROUND(F38*G38,2)," ") -> 2222.97
A39: 5.3 | B39: P5 - PORTA DE MADEIRA REVESTIDA EM LAMINADO MELAMÍNICO ACABAMENTO TEXTURIZADO, BATENTE METÁLICO, NA DIMENSÃO 1,80 x 2,10M, DUPLA COM VISOR, INCLUSIVE FERRAGENS | E39: UN | F39: 1 | G39: 1522.72 | H39: =IFERROR(ROUND(F39*G39,2)," ") -> 1522.72
A40: 5.4 | B40: P7 - PORTA DE MADEIRA REVESTIDA EM LAMINADO MELAMÍNICO ACABAMENTO TEXTURIZADO, BATENTE METÁLICO, NA DIMENSÃO 1,50 x 2,10M, DUPLA COM VISOR, INCLUSIVE FERRAGENS | E40: UN | F40: 2 | G40: 1404.4 | H40: =IFERROR(ROUND(F40*G40,2)," ") -> 2808.8
A41: 5.5 | B41: FECHADURA COMPLETA, NAS PORTAS INTERNAS EXISTENTES | E41: CJ | F41: 7 | G41: 156.64 | H41: =IFERROR(ROUND(F41*G41,2)," ") -> 1096.48
A42: 5.6 | B42: PORTA DE MADEIRA, COM BATENTE METÁLICO E FERRAGEM - RECOLOCAÇÃO | E42: UN | F42: 24 | G42: 126.97 | H42: =IFERROR(ROUND(F42*G42,2)," ") -> 3047.28
A43: 6. | B43: ELEMENTOS METÁLICOS / COMPONENTES ESPECIAIS | H43: =SUBTOTAL(9,H44:H44) -> 764.92
A44: 6.1 | B44: JANELA DE ALUMÍNIO ANODIZADO NATURAL, COLOCAÇÃO E ACABAMENTO, BASCULANTE, COM CONTRAMARCOS - INCLUSO VIDRO | E44: M² | F44: 1.2 | G44: 637.43 | H44: =IFERROR(ROUND(F44*G44,2)," ") -> 764.92
A45: 7. | B45: REVESTIMENTOS - PAREDE | H45: =SUBTOTAL(9,H46:H49) -> 69637.86
A46: 7.1 | B46: CHAPISCO PARA PAREDE INTERNA OU EXTERNA COM ARGAMASSA DE CIMENTO E AREIA SEM PENEIRAR TRAÇO 1:3, E=5 MM | E46: M² | F46: 360.73 | G46: 4.91 | H46: =IFERROR(ROUND(F46*G46,2)," ") -> 1771.18
A47: 7.2 | B47: GESSO APLICADO EM PAREDE INTERNA ATRAVÉS DE PROJEÇÃO MECÂNICA - SARRAFEADO | E47: M² | F47: 360.73 | G47: 15.91 | H47: =IFERROR(ROUND(F47*G47,2)," ") -> 5739.21
A48: 7.3 | B48: AZULEJO BRANCO 20X20CM, 1ª QUALIDADE, ASSENTADOS COM ARGAMASSA COLANTE, A PRUMO | E48: M² | F48: 77.74 | G48: 38.64 | H48: =IFERROR(ROUND(F48*G48,2)," ") -> 3003.87
A49: 7.4 | B49: PROTETOR DE PAREDE BATE-MACAS PVC CURVO | E49: M | F49: 438.7 | G49: 134.77 | H49: =IFERROR(ROUND(F49*G49,2)," ") -> 59123.6
A50: 8. | B50: PISOS INTERNOS | H50: =SUBTOTAL(9,H51:H57) -> 83777.65
A51: 8.1 | B51: MANTA VINILICA, LARGURA 2 M, E= 2 MM, FIXADA COM COLA À BASE DE NEOPRENE | E51: M² | F51: 766.54 | G51: 72.91 | H51: =IFERROR(ROUND(F51*G51,2)," ") -> 55888.43
A52: 8.2 | B52: MANTA VINILICA CONDUTIVA, LARGURA 2 M, E= 2 MM, FIXADA COM COLA À BASE DE NEOPRENE | E52: M² | F52: 156.06 | G52: 131.02 | H52: =IFERROR(ROUND(F52*G52,2)," ") -> 20446.98
A53: 8.3 | B53: PISO CERÂMICO ESMALTADO ASSENTADO COM ARGAMASSA PRÉ-FABRICADA DE CIMENTO COLANTE DIMENSÃO: 30 X 30 CM | E53: M² | F53: 156.46 | G53: 34.89 | H53: =IFERROR(ROUND(F53*G53,2)," ") -> 5458.89
A54: 8.4 | B54: RODAPÉ VINÍLICO COM 7,5 CM DE ALTURA, FIXADO COM COLA À BASE DE NEOPRENE | E54: M | F54: 68.82 | G54: 8.52 | H54: =IFERROR(ROUND(F54*G54,2)," ") -> 586.35
A55: 8.5 | B55: RODAPÉ VINÍLICO CONDUTIVO, COM 7,5 CM DE ALTURA, FIXADO COM COLA À BASE DE NEOPRENE | E55: M | F55: 11.74 | G55: 15.5 | H55: =IFERROR(ROUND(F55*G55,2)," ") -> 181.97
A56: 8.6 | B56: RODAPÉ CERÂMICO ASSENTADO COM ARGAMASSA PRÉ-FABRICADA DE CIMENTO COLANTE | E56: M | F56: 24.14 | G56: 15.82 | H56: =IFERROR(ROUND(F56*G56,2)," ") -> 381.89
A57: 8.7 | B57: SOLEIRA DE GRANITO NATURAL DE ATÉ 20CM DE LARGURA, ASSENTADO COM ARGAMASSA MISTA DE CIMENTO, CAL HIDRATADA E AREIA SEM PENEIRAR TRAÇO 1:1:4 | E57: M | F57: 15.4 | G57: 54.1 | H57: =IFERROR(ROUND(F57*G57,2)," ") -> 833.14
A58: 9. | B58: PINTURA | H58: =SUBTOTAL(9,H59:H63) -> 96254.44
A59: 9.1 | B59: PINTURA COM TINTA EPÓXI EM PAREDE INTERNA, COM DUAS DEMÃOS, INCLUINDO EMASSAMENTO E LIXAMENTO | E59: M² | F59: 182.92 | G59: 92.96 | H59: =IFERROR(ROUND(F59*G59,2)," ") -> 17004.24
A60: 9.2 | B60: PINTURA COM TINTA EPÓXI EM PAREDE INTERNA, COM UMA DEMÃO | E60: M² | F60: 1048.86 | G60: 46.48 | H60: =IFERROR(ROUND(F60*G60,2)," ") -> 48751.01
A61: 9.3 | B61: PINTURA COM TINTA LÁTEX PVA EM PAREDE INTERNA, COM DUAS DEMÃOS, SEM MASSA CORRIDA | E61: M² | F61: 107.22 | G61: 12.34 | H61: =IFERROR(ROUND(F61*G61,2)," ") -> 1323.09
A62: 9.4 | B62: PINTURA COM TINTA LÁTEX PVA EM PAREDE INTERNA, COM UMA DEMÃO, SEM MASSA CORRIDA | E62: M² | F62: 1981.21 | G62: 6.17 | H62: =IFERROR(ROUND(F62*G62,2)," ") -> 12224.07
A63: 9.5 | B63: PINTURA COM TINTA LÁTEX ACRILICA (FORRO DE GESSO), COM TRÊS DEMÃOS, SEM MASSA CORRIDA | E63: M² | F63: 1079.06 | G63: 15.71 | H63: =IFERROR(ROUND(F63*G63,2)," ") -> 16952.03
A64: 10. | B64: SERVIÇOS COMPLEMENTARES | H64: =SUBTOTAL(9,H65:H69) -> 191040.91
A65: 10.1 | B65: FORRO DE GESSO ACARTONADO REMOVÍVEL, APOIADOS EM PERFIS METÁLICOS TIPO "T" SUSPENSOS POR PENDURAIS RÍGIDOS COMPRIMENTO: 1,25 M / ESPESSURA: 12,5 MM / LARGURA: 0,65 M | E65: M² | F65: 1085.73 | G65: 54.05 | H65: =IFERROR(ROUND(F65*G65,2)," ") -> 58683.71
A66: 10.2 | B66: PERFIL DE FERRO P/ SUSTENTAÇÃO DE LUMINÁRIA - SALA CIRURGIA | E66: KG | F66: 515.6 | G66: 4.69 | H66: =IFERROR(ROUND(F66*G66,2)," ") -> 2418.16
A67: 10.4 | B67: INSTALAÇÃO DE ELEVADOR SOCIAL - 12 PESSOAS | E67: VB | F67: 1 | G67: 120000 | H67: =IFERROR(ROUND(F67*G67,2)," ") -> 120000
A68: 10.5 | B68: REVISÃO COBERTURA COM TELHA METÁLICA | E68: VB | F68: 1 | G68: 5000 | H68: =IFERROR(ROUND(F68*G68,2)," ") -> 5000
A69: 10.6 | B69: LIMPEZA FINAL DA OBRA | E69: M² | F69: 1210.55 | G69: 4.08 | H69: =IFERROR(ROUND(F69*G69,2)," ") -> 4939.04
B70: TOTAL ORÇAMENTO | H70: =SUBTOTAL(9,H15:H69) -> 531111.07
F73: Itapetininga, 19 de Dezembro de 2014

Sheet Elétrica
B1: PREFEITURA do MUNICÍPIO de ITAPETININGA
B2: ____________ ESTADO DE SÃO PAULO ____________
B4: PLANILHA ORÇAMENTÁRIA - INSTALAÇÃO ELÉTRICA
A6: OBRA: | B6: ADEQUAÇÃO HOSPITAL REGIONAL
A7: LOCAL: | B7: RUA PADRE ALBUQUERQUE, 245 - ITAPETININGA-SP
G8: B.D.I: | H8: 0.25
A9: ='Civil '!A9 -> DATA BASE: PINI Novembro/2014, CPOS 164 c/ desoneração - Dezembro/2014 e MERCADO | Q9: B.D.I: | R9: 0.093
A11: CÓDIGO | B11: DESCRIÇÃO DOS SERVIÇOS | E11: UNID | F11: QUANT | G11: PREÇO
G12: UNITÁRIO | H12: TOTAL
A14: 1. | B14: QUADROS E PAINEIS PARA ENERGIA ELÉTRICA | F14: 21 | H14: =SUBTOTAL(9,H15:H35) -> 229952.35
A15: 1.1 | B15: PAINEL MONOBLOCO AUTOPORTANTE COM CHAPA DE AÇO DE 2,9mm COM COMPONENTES CONFORME DESENHO 02-EL1_A3 | E15: Un | F15: 1 | G15: 16395 | H15: =IFERROR(ROUND(F15*G15,2)," ") -> 16395 | L15: 15000
A16: 1.2 | B16: QUADRO DE DISTRIBUIÇÃO DE LUZ E FORÇA DE EMBUTIR COM COMPONENTES CONFORME DESENHO 03-EL1_A3 | E16: Un | F16: 1 | G16: 2712.33 | H16: =IFERROR(ROUND(F16*G16,2)," ") -> 2712.33 | L16: 2500
A17: 1.3 | B17: QUADRO DE DISTRIBUIÇÃO DE LUZ E FORÇA DE EMBUTIR COM COMPONENTES CONFORME DESENHO 04-EL1_A3 | E17: Un | F17: 1 | G17: 1967.4 | H17: =IFERROR(ROUND(F17*G17,2)," ") -> 1967.4 | L17: 1800
A18: 1.4 | B18: QUADRO DE DISTRIBUIÇÃO DE LUZ E FORÇA DE EMBUTIR COM COMPONENTES CONFORME DESENHO 05-EL1_A3 | E18: Un | F18: 1 | G18: 6339.4 | H18: =IFERROR(ROUND(F18*G18,2)," ") -> 6339.4 | L18: 5800
A19: 1.5 | B19: QUADRO DE DISTRIBUIÇÃO DE LUZ E FORÇA DE EMBUTIR COM COMPONENTES CONFORME DESENHO 06-EL1_A3 | E19: Un | F19: 1 | G19: 2732.5 | H19: =IFERROR(ROUND(F19*G19,2)," ") -> 2732.5 | L19: 2500
A20: 1.6 | B20: QUADRO DE DISTRIBUIÇÃO DE LUZ E FORÇA DE EMBUTIR COM COMPONENTES CONFORME DESENHO 07-EL1_A3 | E20: Un | F20: 1 | G20: 2732.5 | H20: =IFERROR(ROUND(F20*G20,2)," ") -> 2732.5 | L20: 2500
A21: 1.7 | B21: QUADRO DE DISTRIBUIÇÃO DE LUZ E FORÇA DE EMBUTIR COM COMPONENTES CONFORME DESENHO 08-EL1_A3 | E21: Un | F21: 1 | G21: 4153.4 | H21: =IFERROR(ROUND(F21*G21,2)," ") -> 4153.4 | L21: 3800
A22: 1.8 | B22: QUADRO DE DISTRIBUIÇÃO DE LUZ E FORÇA DE EMBUTIR COM COMPONENTES CONFORME DESENHO 09-EL1_A3 | E22: Un | F22: 1 | G22: 2732.5 | H22: =IFERROR(ROUND(F22*G22,2)," ") -> 2732.5 | L22: 2500
A23: 1.9 | B23: QUADRO DE DISTRIBUIÇÃO DE LUZ E FORÇA DE EMBUTIR COM COMPONENTES CONFORME DESENHO 10-EL1_A3 | E23: Un | F23: 1 | G23: 2732.5 | H23: =IFERROR(ROUND(F23*G23,2)," ") -> 2732.5 | L23: 2500
A24: 1.10 | B24: QUADRO DE DISTRIBUIÇÃO DE LUZ E FORÇA DE EMBUTIR COM COMPONENTES CONFORME DESENHO 11-EL1_A3 | E24: Un | F24: 1 | G24: 3060.4 | H24: =IFERROR(ROUND(F24*G24,2)," ") -> 3060.4 | L24: 2800
A25: 1.11 | B25: QUADRO DE DISTRIBUIÇÃO DE LUZ E FORÇA DE EMBUTIR COM COMPONENTES CONFORME DESENHO 12-EL1_A3 | E25: Un | F25: 1 | G25: 4153.4 | H25: =IFERROR(ROUND(F25*G25,2)," ") -> 4153.4 | L25: 3800
A26: 1.12 | B26: QUADRO DE DISTRIBUIÇÃO DE LUZ E FORÇA DE EMBUTIR COM COMPONENTES CONFORME DESENHO 13-EL1_A3 | E26: Un | F26: 1 | G26: 2186 | H26: =IFERROR(ROUND(F26*G26,2)," ") -> 2186 | L26: 2000
... A35: 1.21 | B35: QUADRO DE DISTRIBUIÇÃO DE LUZ E FORÇA DE EMBUTIR COM COMPONENTES CONFORME DESENHO 22-EL1_A2 | E35: Un | F35: 1 | G35: 4262.7 | H35: =IFERROR(ROUND(F35*G35,2)," ") -> 4262.7 | L35: 3900
A36: 2. | B36: TRANSFORMADOR DE SEPARAÇÃO | H36: =SUBTOTAL(9,H37:H39) -> 56411.92
A37: 2.1 | B37: TRANSFORMADOR DE SEPARAÇÃO DUPLO, GRAU DE PROTEÇÃO IP23, MEDIÇÃO DE TEMPERATURA CONFORME IEC 61558-2-15 E IEC 742, MATERIAL ISOLANTE CLASSE H, 4,0kVA 220/127V - 7,5kVA 220/127V | E37: Un | F37: 5 | G37: 6815.95 | H37: =IFERROR(ROUND(F37*G37,2)," ") -> 34079.75 | L37: 6236
A38: 2.2 | B38: TRANSFORMADOR DE SEPARAÇÃO, SECO, DUPLO COM CAIXA, GRAU DE PROTEÇÃO IP23, MEDIÇÃO DE TEMPERATURA CONFORME IEC 61558-2-15 E IEC 742, MATERIAL ISOLANTE CLASSE H, 5,0kVA 220/127V - 5,0kVA 220/127V | E38: Un | F38: 3 | G38: 6453.07 | H38: =IFERROR(ROUND(F38*G38,2)," ") -> 19359.21 | L38: 5904
A39: 2.3 | B39: TRANSFORMADOR DE SEPARAÇÃO SINGELO MONOFÁSICO COM CAIXA, GRAU DE PROTEÇÃO IP23, MEDIÇÃO DE TEMPERATURA CONFORME IEC 61558-2-15 E IEC 742, MATERIAL ISOLANTE CLASSE H, 4,0kVA 220/220V | E39: Un | F39: 1 | G39: 2972.96 | H39: =IFERROR(ROUND(F39*G39,2)," ") -> 2972.96 | L39: 2720
A40: 3. | B40: CABO DE COBRE FLEXÍVEL BAIXA EMISSÃO DE FUMAÇA E GASES - 0,6/1kV 900C | H40: =SUBTOTAL(9,H41:H47) -> 135322.51
A41: 3.1 | B41: CABO DE COBRE FLEXÍVEL 185,0mm² 0,6/1kV BAIXA EMISSÃO DE FUMAÇA E GASES | E41: m | F41: 320 | G41: 91.83 | H41: =IFERROR(ROUND(F41*G41,2)," ") -> 29385.6 | L41: 84.02
A42: 3.2 | B42: CABO DE COBRE FLEXÍVEL 120,0mm² 0,6/1kV BAIXA EMISSÃO DE FUMAÇA E GASES | E42: m | F42: 200 | G42: 62.55 | H42: =IFERROR(ROUND(F42*G42,2)," ") -> 12510 | L42: 57.23
A43: 3.3 | B43: CABO DE COBRE FLEXÍVEL 95,0mm² 0,6/1kV BAIXA EMISSÃO DE FUMAÇA E GASES | E43: m | F43: 380 | G43: 49.74 | H43: =IFERROR(ROUND(F43*G43,2)," ") -> 18901.2 | L43: 45.51
A44: 3.4 | B44: CABO DE COBRE FLEXÍVEL 70,0mm² 0,6/1kV BAIXA EMISSÃO DE FUMAÇA E GASES | E44: m | F44: 1090 | G44: 38.29 | H44: =IFERROR(ROUND(F44*G44,2)," ") -> 41736.1 | L44: 35.03
A45: 3.5 | B45: CABO DE COBRE FLEXÍVEL 25,0mm² 0,6/1kV BAIXA EMISSÃO DE FUMAÇA E GASES | E45: m | F45: 590 | G45: 14.73 | H45: =IFERROR(ROUND(F45*G45,2)," ") -> 8690.7 | L45: 13.48
A46: 3.6 | B46: CABO DE COBRE FLEXÍVEL 35,0mm² 0,6/1kV BAIXA EMISSÃO DE FUMAÇA E GASES | E46: m | F46: 330 | G46: 18.35 | H46: =IFERROR(ROUND(F46*G46,2)," ") -> 6055.5 | L46: 16.79
A47: 3.7 | B47: CABO DE COBRE FLEXÍVEL 16,0mm² 0,6/1kV BAIXA EMISSÃO DE FUMAÇA E GASES | E47: m | F47: 1765.5 | G47: 10.22 | H47: =IFERROR(ROUND(F47*G47,2)," ") -> 18043.41 | L47: 9.35
A48: 4. | B48: CABO DE COBRE FLEXÍVEL BAIXA EMISSÃO DE FUMAÇA E GASES - 450/750V 700C | H48: =SUBTOTAL(9,H49:H54) -> 53453.06
A49: 4.1 | B49: CABO DE COBRE FLEXÍVEL 1,5mm² 450/750V BAIXA EMISSÃO DE FUMAÇA E GASES | E49: m | F49: 1621 | G49: 1.65 | H49: =IFERROR(ROUND(F49*G49,2)," ") -> 2674.65 | L49: 1.51
A50: 4.2 | B50: CABO DE COBRE FLEXÍVEL 2,5mm² 450/750V BAIXA EMISSÃO DE FUMAÇA E GASES | E50: m | F50: 16708 | G50: 2.33 | H50: =IFERROR(ROUND(F50*G50,2)," ") -> 38929.64 | L50: 2.13
A51: 4.3 | B51: CABO DE COBRE FLEXÍVEL 4,0mm² 450/750V BAIXA EMISSÃO DE FUMAÇA E GASES | E51: m | F51: 45 | G51: 3.15 | H51: =IFERROR(ROUND(F51*G51,2)," ") -> 141.75 | L51: 2.88
A52: 4.4 | B52: CABO DE COBRE FLEXÍVEL 6,0mm² 450/750V BAIXA EMISSÃO DE FUMAÇA E GASES | E52: m | F52: 1946 | G52: 4.15 | H52: =IFERROR(ROUND(F52*G52,2)," ") -> 8075.9 | L52: 3.8
A53: 4.5 | B53: CABO DE COBRE FLEXÍVEL 10,0mm² 450/750V BAIXA EMISSÃO DE FUMAÇA E GASES | E53: m | F53: 200 | G53: 7.25 | H53: =IFERROR(ROUND(F53*G53,2)," ") -> 1450 | L53: 6.63
A54: 4.6 | B54: CABO DE COBRE FLEXÍVEL "PP" 3X2,5mm² 450/750V BAIXA EMISSÃO DE FUMAÇA E GASES | E54: m | F54: 284 | G54: 7.68 | H54: =IFERROR(ROUND(F54*G54,2)," ") -> 2181.12 | L54: 7.03
A55: 5. | B55: ELETRODUTO EM PVC RÍGIDO ROSCÁVEL | H55: =SUBTOTAL(9,H56:H58) -> 558.6
A56: 5.1 | B56: ELETRODUTO PVC RÍGIDO ROSCÁVEL 1" - COM ACESSÓRIOS | E56: Un | F56: 6 | G56: 19.94 | H56: =IFERROR(ROUND(F56*G56,2)," ") -> 119.64 | L56: 18.24
A57: 5.2 | B57: ELETRODUTO PVC RÍGIDO ROSCÁVEL 1.1/4" - COM ACESSÓRIOS | E57: Un | F57: 11 | G57: 24.81 | H57: =IFERROR(ROUND(F57*G57,2)," ") -> 272.91 | L57: 22.7
A58: 5.3 | B58: ELETRODUTO PVC RÍGIDO ROSCÁVEL 2" - COM ACESSÓRIOS | E58: Un | F58: 5 | G58: 33.21 | H58: =IFERROR(ROUND(F58*G58,2)," ") -> 166.05 | L58: 30.38
A59: 6. | B59: CANALETA, PERFILADO E ACESSÓRIOS | H59: =SUBTOTAL(9,H60:H65) -> 3131.56
A60: 6.1 | B60: GRAMPO TIPO "C" 3/8" COM BALACIM | E60: cj | F60: 120 | G60: 10.8 | H60: =IFERROR(ROUND(F60*G60,2)," ") -> 1296 | L60: 9.88
A61: 6.2 | B61: SAÍDA LATERAL SIMPLES 1" | E61: Un | F61: 20 | G61: 6.18 | H61: =IFERROR(ROUND(F61*G61,2)," ") -> 123.6 | L61: 5.65
A62: 6.3 | B62: TIRANTE COM ROSCA 3/8" COM ROSCA, PORCA E ARRUELA | E62: Un | F62: 78 | G62: 8.13 | H62: =IFERROR(ROUND(F62*G62,2)," ") -> 634.14 | L62: 7.44
A63: 6.4 | B63: DERIVAÇÃO "C" PARA PERFILADO 38X38mm CHAPA 18 PRÉGALVANIZADA | E63: Un | F63: 5 | G63: 22.78 | H63: =IFERROR(ROUND(F63*G63,2)," ") -> 113.9 | L63: 20.84
A64: 6.5 | B64: DERIVAÇÃO "X" PARA PERFILADO 38X38mm CHAPA 18 PRÉGALVANIZADA | E64: Un | F64: 12 | G64: 35.16 | H64: =IFERROR(ROUND(F64*G64,2)," ") -> 421.92 | L64: 32.17
A65: 6.6 | B65: PERFILADO PERFURADO ALTO 38X38mm COM ACESSÓRIOS | E65: m | F65: 20 | G65: 27.1 | H65: =IFERROR(ROUND(F65*G65,2)," ") -> 542 | L65: 24.79
A66: 7. | B66: ELETRODUTO PEAD E METÁLICO FLEXÍVEL | H66: =SUBTOTAL(9,H67:H71) -> 5648.92
A67: 7.1 | B67: ELETRODUTO CORRUGADO EM POLIETILENO DE ALTA DENSIDADE DN=100mm COM ACESSÓRIOS | E67: m | F67: 50 | G67: 22.01 | H67: =IFERROR(ROUND(F67*G67,2)," ") -> 1100.5 | L67: 20.14
A68: 7.2 | B68: ELETRODUTO METÁLICO FLEXÍVEL COM CAPA PVC 1" | E68: m | F68: 50 | G68: 16.74 | H68: =IFERROR(ROUND(F68*G68,2)," ") -> 837 | L68: 15.32
A69: 7.3 | B69: ELETRODUTO METÁLICO FLEXÍVEL COM CAPA PVC 1.1/2" | E69: m | F69: 120 | G69: 24.1 | H69: =IFERROR(ROUND(F69*G69,2)," ") -> 2892 | L69: 22.05
A70: 7.4 | B70: TERMINAL MACHO FIXO EM LATÃO ZINCADO 1" | E70: m | F70: 10 | G70: 15.26 | H70: =IFERROR(ROUND(F70*G70,2)," ") -> 152.6 | L70: 13.96
A71: 7.5 | B71: TERMINAL MACHO FIXO EM LATÃO ZINCADO 1.1/2" | E71: m | F71: 22 | G71: 30.31 | H71: =IFERROR(ROUND(F71*G71,2)," ") -> 666.82 | L71: 27.73
A72: 8. | B72: ELETRODUTO EM PVC CORRUGADO FLEXÍVEL | H72: =SUBTOTAL(9,H73:H75) -> 14135.8
A73: 8.1 | B73: ELETRODUTO PVC CORRUGADO FLEXIVEL REFORÇADO 3/4" | E73: m | F73: 800 | G73: 9.79 | H73: =IFERROR(ROUND(F73*G73,2)," ") -> 7832 | L73: 8.96
A74: 8.2 | B74: ELETRODUTO PVC CORRUGADO FLEXIVEL REFORÇADO 1" | E74: m | F74: 500 | G74: 10.03 | H74: =IFERROR(ROUND(F74*G74,2)," ") -> 5015 | L74: 9.18
A75: 8.3 | B75: ELETRODUTO PVC CORRUGADO FLEXIVEL REFORÇADO 1.1/4" | E75: m | F75: 120 | G75: 10.74 | H75: =IFERROR(ROUND(F75*G75,2)," ") -> 1288.8 | L75: 9.83
A76: 9. | B76: ELETROCALHA E ACESSÓRIOS | H76: =SUBTOTAL(9,H77:H82) -> 34225.28
A77: 9.1 | B77: ELETROCALHA PERFURADA GALVANIZADA A FOGO 400X100mm COM ACESSÓRIOS | E77: m | F77: 161.87 | G77: 117.58 | H77: =IFERROR(ROUND(F77*G77,2)," ") -> 19032.67 | L77: 107.58
A78: 9.2 | B78: ELETROCALHA PERFURADA GALVANIZADA A FOGO 300X100mm COM ACESSÓRIOS | E78: m | F78: 42 | G78: 87.92 | H78: =IFERROR(ROUND(F78*G78,2)," ") -> 3692.64 | L78: 80.44
A79: 9.3 | B79: ELETROCALHA PERFURADA GALVANIZADA A FOGO 200X100mm COM ACESSÓRIOS | E79: m | F79: 63 | G79: 69.03 | H79: =IFERROR(ROUND(F79*G79,2)," ") -> 4348.89 | L79: 63.16
A80: 9.4 | B80: ELETROCALHA PERFURADA GALVANIZADA A FOGO 100X50mm COM ACESSÓRIOS | E80: m | F80: 172.26 | G80: 37.82 | H80: =IFERROR(ROUND(F80*G80,2)," ") -> 6514.87 | L80: 34.6
A81: 9.5 | B81: POSTE CONDUTOR METÁLICO PARA DISTRIBUIÇÃO , COM SUPORTE PARA TOMADAS ELÉTRICAS E TOMADAS FÊMEA DE REDE, COM PINTURA ELETROSTÁTICA , ALTURA 3m | E81: Un | F81: 1 | G81: 299.79 | H81: =IFERROR(ROUND(F81*G81,2)," ") -> 299.79 | L81: 274.28
A82: 9.6 | B82: MÃO FRANCESA REFORÇADA GALVANIZADA A FOGO, L=500mm | E82: Un | F82: 18 | G82: 18.69 | H82: =IFERROR(ROUND(F82*G82,2)," ") -> 336.42 | L82: 17.1
A83: 10. | B83: TERMINAIS, FIXAÇÃO E ISOLAÇÃO | H83: =SUBTOTAL(9,H84:H102) -> 21588.7
A84: 10.1 | B84: TERMINAL DE COMPRESSÃO TIPO ARGOLA PARA CABO 185,0mm² | E84: Un | F84: 10 | G84: 19.54 | H84: =IFERROR(ROUND(F84*G84,2)," ") -> 195.4 | L84: 17.88
A85: 10.2 | B85: TERMINAL DE COMPRESSÃO TIPO ARGOLA PARA CABO 120,0mm² | E85: Un | F85: 30 | G85: 16.91 | H85: =IFERROR(ROUND(F85*G85,2)," ") -> 507.3 | L85: 15.47
A86: 10.3 | B86: TERMINAL DE COMPRESSÃO TIPO ARGOLA PARA CABO 95,0mm² | E86: Un | F86: 10 | G86: 11.6 | H86: =IFERROR(ROUND(F86*G86,2)," ") -> 116 | L86: 10.61
A87: 10.4 | B87: TERMINAL DE COMPRESSÃO TIPO ARGOLA PARA CABO 70,0mm² | E87: Un | F87: 10 | G87: 9.25 | H87: =IFERROR(ROUND(F87*G87,2)," ") -> 92.5 | L87: 8.46
A88: 10.5 | B88: TERMINAL DE COMPRESSÃO TIPO ARGOLA PARA CABO 35,0,0mm² | E88: Un | F88: 535 | G88: 7.52 | H88: =IFERROR(ROUND(F88*G88,2)," ") -> 4023.2 | L88: 6.88
A89: 10.6 | B89: TERMINAL DE COMPRESSÃO TIPO ARGOLA PARA CABO 25,0mm² | E89: Un | F89: 10 | G89: 7.52 | H89: =IFERROR(ROUND(F89*G89,2)," ") -> 75.2 | L89: 6.88
A90: 10.7 | B90: TERMINAL DE COMPRESSÃO TIPO ARGOLA PARA CABO 16,0mm² | E90: Un | F90: 150 | G90: 7.27 | H90: =IFERROR(ROUND(F90*G90,2)," ") -> 1090.5 | L90: 6.65
A91: 10.8 | B91: TERMINAL DE COMPRESSÃO TIPO ARGOLA PARA CABO 2,5mm² | E91: Un | F91: 200 | G91: 2.51 | H91: =IFERROR(ROUND(F91*G91,2)," ") -> 502 | L91: 2.3
A92: 10.9 | B92: TERMINAL DE COMPRESSÃO TIPO ARGOLA PARA CABO 4,0mm² | E92: Un | F92: 10 | G92: 6.65 | H92: =IFERROR(ROUND(F92*G92,2)," ") -> 66.5 | L92: 6.08
A93: 10.10 | B93: TERMINAL DE COMPRESSÃO TIPO ARGOLA PARA CABO 6,0mm² | E93: Un | F93: 10 | G93: 6.65 | H93: =IFERROR(ROUND(F93*G93,2)," ") -> 66.5 | L93: 6.08
A94: 10.11 | B94: TERMINAL DE COMPRESSÃO TIPO ARGOLA PARA CABO 10,0mm² | E94: Un | F94: 10 | G94: 6.65 | H94: =IFERROR(ROUND(F94*G94,2)," ") -> 66.5 | L94: 6.08
A95: 10.12 | B95: TERMINAL DE COMPRESSÃO TIPO PINO PARA CABO 2,5mm² | E95: Un | F95: 500 | G95: 2.51 | H95: =IFERROR(ROUND(F95*G95,2)," ") -> 1255 | L95: 2.3
... A102: 10.19 | B102: FITA ISOLANTE PLÁSTICA A BASE DE PVC 19mmX3m | E102: Un | F102: 10 | G102: 17.71 | H102: =IFERROR(ROUND(F102*G102,2)," ") -> 177.1 | L102: 16.2
A103: 11. | B103: TRANSMISSÃO DA DADOS | H103: =SUBTOTAL(9,H104:H110) -> 26692.32
A104: 11.1 | B104: CABO UTP 24 AWG 4 PARES CAT.6 | E104: m | F104: 3720 | G104: 4.81 | H104: =IFERROR(ROUND(F104*G104,2)," ") -> 17893.2 | L104: 4.4
A105: 11.2 | B105: CABO FLEXÍVEL BLINDADO 3X 1,5mm² CLASSE 4 | E105: m | F105: 150 | G105: 5.69 | H105: =IFERROR(ROUND(F105*G105,2)," ") -> 853.5 | L105: 5.21
A106: 11.3 | B106: PATCH CORD 1,5 RJ45/RJ45 CAT.6 | E106: Un | F106: 40 | G106: 27.85 | H106: =IFERROR(ROUND(F106*G106,2)," ") -> 1114 | L106: 25.48
A107: 11.4 | B107: PATCH PANEL 24 PORTAS CAT.6 | E107: Un | F107: 7 | G107: 560.91 | H107: =IFERROR(ROUND(F107*G107,2)," ") -> 3926.37 | L107: 513.18
A108: 11.5 | B108: PAINEL FRONTAL CEGO 19" 1U | E108: Un | F108: 11 | G108: 12.91 | H108: =IFERROR(ROUND(F108*G108,2)," ") -> 142.01 | L108: 11.81
A109: 11.6 | B109: RACK FECHADO DE PISO PADRÃO METALICO 19" X 24U | E109: m | F109: 1 | G109: 1156.14 | H109: =IFERROR(ROUND(F109*G109,2)," ") -> 1156.14 | L109: 1057.77
A110: 11.7 | B110: CONECTOR RJ-45 FÊMEA CAT.6 COM TAMPA | E110: Un | F110: 66 | G110: 24.35 | H110: =IFERROR(ROUND(F110*G110,2)," ") -> 1607.1 | L110: 22.28
A111: 12. | B111: INTERRUPTORES E TOMADAS | H111: =SUBTOTAL(9,H112:H115) -> 4857.9
A112: 12.1 | B112: INTERRUPTOR BIPOLAR SIMPLES 1 TECLA DUPLA E PLACA | E112: cj | F112: 89 | G112: 30.46 | H112: =IFERROR(ROUND(F112*G112,2)," ") -> 2710.94 | L112: 27.87
A113: 12.2 | B113: INTERRUPTOR BIPOLAR PARALELO 1 TECLA DUPLA E PLACA | E113: cj | F113: 16 | G113: 30.46 | H113: =IFERROR(ROUND(F113*G113,2)," ") -> 487.36 | L113: 27.87
A114: 12.3 | B114: TOMADA 2P+T 10A COMPLETA | E114: cj | F114: 96 | G114: 15.06 | H114: =IFERROR(ROUND(F114*G114,2)," ") -> 1445.76 | L114: 13.78
A115: 12.4 | B115: TOMADA 2P+T 20A COMPLETA | E115: cj | F115: 12 | G115: 17.82 | H115: =IFERROR(ROUND(F115*G115,2)," ") -> 213.84 | L115: 16.3
A116: 13. | B116: CAIXA DE PASSAGEM | H116: =SUBTOTAL(9,H117:H118) -> 2718.45
A117: 13.1 | B117: CAIXA PVC 4X4" | E117: Un | F117: 45 | G117: 8.71 | H117: =IFERROR(ROUND(F117*G117,2)," ") -> 391.95 | L117: 7.97
A118: 13.2 | B118: CAIXA PVC 4X2" | E118: Un | F118: 225 | G118: 10.34 | H118: =IFERROR(ROUND(F118*G118,2)," ") -> 2326.5 | L118: 9.46
...

Sheet Incêndio
B1: PREFEITURA do MUNICÍPIO de ITAPETININGA
B2: ____________ ESTADO DE SÃO PAULO ____________
B4: PLANILHA ORÇAMENTÁRIA - PREVENÇÃO E COMBATE A INCÊNDIO
A6: OBRA: | B6: ADEQUAÇÃO HOSPITAL REGIONAL
A7: LOCAL: | B7: RUA PADRE ALBUQUERQUE, 245 - ITAPETININGA-SP
E8: B.D.I: | F8: 0.25
A9: DATA BASE: CPOS 164 c/ desoneração - Dezembro/2014 e MERCADO | L9: B.D.I: | M9: 0.25
A11: CÓDIGO | B11: DESCRIÇÃO DOS SERVIÇOS | C11: UNID | D11: QUANT | E11: PREÇO | J11: SEM BDI
E12: UNITÁRIO | F12: TOTAL | J12: UNITÁRIO
A14: 1. | B14: PROJETO DE PREVENÇAO E COMBATE A INCENDIO | D14: 1 | F14: =SUBTOTAL(9,F15:F15) -> 8500
A15: 1.1 | B15: ELABORAÇÃO DO PROJETO DE PREVENÇÃO E COMBATE A INCENDIO | C15: Un | D15: 1 | E15: 8500 | F15: =IFERROR(ROUND(D15*E15,2)," ") -> 8500 | J15: 6800
A16: 2. | B16: REDE DE INCENDIO: TUBULAÇÕES | F16: =SUBTOTAL(9,F17:F17) -> 10144.92
A17: 2.1 | B17: TUBO AÇO GALVANIZADO NBR5580-CL MEDIA, DN65MM (2 1/2") - INCL CONEXÕES | C17: M | D17: 68 | E17: 149.19 | F17: =IFERROR(ROUND(D17*E17,2)," ") -> 10144.92 | J17: 119.35
A18: 3. | B18: INSTALAÇÃO ELETRICA SISTEMA INCENDIO | F18: =SUBTOTAL(9,F19:F30) -> 18231.84
A19: 3.1 | B19: REGISTRO DE GAVETA BRUTO DN 65MM (2 1/2") | C19: Un | D19: 1 | E19: 321.49 | F19: =IFERROR(ROUND(D19*E19,2)," ") -> 321.49 | J19: 257.19
A20: 3.2 | B20: REGISTRO DE RECALQUE NO PASSEIO (RR-01) | C20: Un | D20: 1 | E20: 706.93 | F20: =IFERROR(ROUND(D20*E20,2)," ") -> 706.93 | J20: 565.54
A21: 3.3 | B21: VALVULA DE RETENÇAO VERT. BRONZE TIPO LEVE DE 2 1/2" | C21: Un | D21: 2 | E21: 237.04 | F21: =IFERROR(ROUND(D21*E21,2)," ") -> 474.08 | J21: 189.63
A22: 3.4 | B22: HIDRANTE COM REGISTRO TIPO GLOBO AMARELO DE 2 1/2" | C22: Un | D22: 2 | E22: 183.6 | F22: =IFERROR(ROUND(D22*E22,2)," ") -> 367.2 | J22: 146.88
A23: 3.5 | B23: ABRIGO PARA HIDRANTE 0,60X0,90X0,20M | C23: Un | D23: 2 | E23: 323.61 | F23: =IFERROR(ROUND(D23*E23,2)," ") -> 647.22 | J23: 258.89
A24: 3.6 | B24: MANGUEIRA COM UNIÃO DE ENGATE RAPIDO DE 1 1/2" X 30MT TIPO | C24: Un | D24: 5 | E24: 860 | F24: =IFERROR(ROUND(D24*E24,2)," ") -> 4300 | J24: 688
A25: 3.7 | B25: ESGUICHO DE LATÃO COM ENGATE RAPIDO 1X1/2" JATO REGULÁVEL | C25: Un | D25: 5 | E25: 222.5 | F25: =IFERROR(ROUND(D25*E25,2)," ") -> 1112.5 | J25: 178
A26: 3.8 | B26: MANOMETRO INDUSTRIAL COM TOMADA INFERIOR | C26: Un | D26: 2 | E26: 280.33 | F26: =IFERROR(ROUND(D26*E26,2)," ") -> 560.66 | J26: 224.26
A27: 3.9 | B27: PRESSOSTATO (VALVULA DE FLUXO) COM SENSOR DIAFRAGMA | C27: Un | D27: 2 | E27: 916.1 | F27: =IFERROR(ROUND(D27*E27,2)," ") -> 1832.2 | J27: 732.88
A28: 3.10 | B28: ACOPLAMENTO PARA BOMBA DE INCENDIO | C28: Un | D28: 1 | E28: 237.06 | F28: =IFERROR(ROUND(D28*E28,2)," ") -> 237.06 | J28: 189.65
A29: 3.11 | B29: CONJUNTO MOTOR-BOMBA (CENTRIFUGA 24000 L/H-40 MCA) | C29: Un | D29: 1 | E29: 5347.5 | F29: =IFERROR(ROUND(D29*E29,2)," ") -> 5347.5 | J29: 4278
A30: 3.12 | B30: CONJUNTO MOTOR-BOMBA JOCKEI (CENTRIFUGA 1200 L/H - 50 MCA) | C30: Un | D30: 1 | E30: 2325 | F30: =IFERROR(ROUND(D30*E30,2)," ") -> 2325 | J30: 1860
A31: 3. | B31: INSTALAÇÃO ELETRICA SISTEMA INCENDIO | F31: =SUBTOTAL(9,F32:F45) -> 49710.61
A32: 3.1 | B32: CHAVE SECCIONADORA NH COM CARGA 3X125A TAM00 COM FUSIVEIS | C32: Un | D32: 1 | E32: 236.18 | F32: =IFERROR(ROUND(D32*E32,2)," ") -> 236.18 | J32: 188.94
A33: 3.2 | B33: ELETROD AÇO GALV (NBR 5624) 20MM (3/4") - INCL CONEXOES | C33: M | D33: 480 | E33: 32.33 | F33: =IFERROR(ROUND(D33*E33,2)," ") -> 15518.4 | J33: 25.86
A34: 3.3 | B34: ELETRODUTO EM POLIETILENO DE 25MM - INCLUSIVE CONEXÕES | C34: M | D34: 100 | E34: 16.35 | F34: =IFERROR(ROUND(D34*E34,2)," ") -> 1635 | J34: 13.08
A35: 3.4 | B35: QUADRO COMANDO BOMBA INCENDIO TRIFASICO | C35: Un | D35: 1 | E35: 3072.5 | F35: =IFERROR(ROUND(D35*E35,2)," ") -> 3072.5 | J35: 2458
A36: 3.5 | B36: CABO DE 1,5 MM2 - 1000 V - 2 ISOLAÇÕES | C36: M | D36: 1200 | E36: 2.35 | F36: =IFERROR(ROUND(D36*E36,2)," ") -> 2820 | J36: 1.88
A37: 3.6 | B37: CABO DE 2,5 MM2 - 1000 V DE ISOLAÇÃO | C37: M | D37: 800 | E37: 4.48 | F37: =IFERROR(ROUND(D37*E37,2)," ") -> 3584 | J37: 3.58
A38: 3.7 | B38: CABO DE 4 MM2 - 1000V DE ISOLAÇÃO | C38: M | D38: 300 | E38: 6.55 | F38: =IFERROR(ROUND(D38*E38,2)," ") -> 1965 | J38: 5.24
A39: 3.8 | B39: CABO DE 6 MM2 - 1000V DE ISOLAÇÃO | C39: M | D39: 250 | E39: 8.43 | F39: =IFERROR(ROUND(D39*E39,2)," ") -> 2107.5 | J39: 6.74
A40: 3.9 | B40: CENTRAL ALARME DE INCENDIO ENDEREÇAVEL | C40: Un | D40: 1 | E40: 3556.25 | F40: =IFERROR(ROUND(D40*E40,2)," ") -> 3556.25 | J40: 2845
A41: 3.10 | B41: FIO BICOLOR POLARIZADO 2X2,50MM2 | C41: M | D41: 130 | E41: 10.8 | F41: =IFERROR(ROUND(D41*E41,2)," ") -> 1404 | J41: 8.64
A42: 3.11 | B42: BOTOEIRA PARA ACIONAMENTO DA BOMBA DE INCENDIO | C42: Un | D42: 1 | E42: 123.13 | F42: =IFERROR(ROUND(D42*E42,2)," ") -> 123.13 | J42: 98.5
A43: 3.12 | B43: BOTOEIRA PARA ACIONAMENTO ALARME DE INCENDIO | C43: Un | D43: 5 | E43: 310.38 | F43: =IFERROR(ROUND(D43*E43,2)," ") -> 1551.9 | J43: 248.3
... A45: 3.14 | B45: SIRENE PARA ALARME DE INCENDIO | C45: Un | D45: 5 | E45: 82.35 | F45: =IFERROR(ROUND(D45*E45,2)," ") -> 411.75 | J45: 65.88
B46: TOTAL ORÇAMENTO | F46: =SUBTOTAL(9,F14:F45) -> 86587.37
D49: Itapetininga, 19 de Dezembro de 2014

Sheet Gases Medicinais
B1: PREFEITURA do MUNICÍPIO de ITAPETININGA
B2: ____________ ESTADO DE SÃO PAULO ____________
B5: PLANILHA ORÇAMENTÁRIA - GASES MEDICINAIS
A7: OBRA: | B7: ADEQUAÇÃO HOSPITAL REGIONAL
A8: LOCAL: | B8: RUA PADRE ALBUQUERQUE - ITAPETININGA-SP
G9: B.D.I: | H9: 0.25
A10: ='Civil '!A9 -> DATA BASE: PINI Novembro/2014, CPOS 164 c/ desoneração - Dezembro/2014 e MERCADO
A13: CÓDIGO | B13: DESCRIÇÃO DOS SERVIÇOS | E13: UNID | F13: QUANT | G13: PREÇO
G14: UNITÁRIO | H14: TOTAL
A16: 1. | B16: TUBO DE COBRE CLASSE CLASSE "A" | F16: 1500 | H16: =SUBTOTAL(9,H17:H20) -> 98882.45
A17: 1.1 | B17: 15mm | E17: M | F17: 1140 | G17: 53.73 | H17: =G17*F17 -> 61252.2
A18: 1.2 | B18: 22mm | E18: M | F18: 125 | G18: 77 | H18: =G18*F18 -> 9625
A19: 1.3 | B19: 28mm | E19: M | F19: 90 | G19: 93.46 | H19: =G19*F19 -> 8411.4
A20: 1.4 | B20: 35mm | E20: M | F20: 145 | G20: 135.13 | H20: =G20*F20 -> 19593.85
A21: 2. | B21: LUVA DE COBRE , SEM ANEL (NR 600) | H21: =SUBTOTAL(9,H22:H25) -> 762.82
A22: 2.1 | B22: 15mm | E22: UNID | F22: 228 | G22: 1.31 | H22: =G22*F22 -> 298.68
A23: 2.2 | B23: 22mm | E23: UNID | F23: 25 | G23: 2.38 | H23: =G23*F23 -> 59.5
A24: 2.3 | B24: 28mm | E24: UNID | F24: 18 | G24: 4.5 | H24: =G24*F24 -> 81
A25: 2.4 | B25: 35mm | E25: UNID | F25: 29 | G25: 11.16 | H25: =G25*F25 -> 323.64
A26: 3. | B26: COTOVELO DE COBRE 90º, SEM ANEL (NR 607) | H26: =SUBTOTAL(9,H27:H30) -> 1732.5
A27: 3.1 | B27: 15mm | E27: UNID | F27: 440 | G27: 2.7 | H27: =F27*G27 -> 1188
A28: 3.2 | B28: 22mm | E28: UNID | F28: 40 | G28: 5.4 | H28: =F28*G28 -> 216
A29: 3.3 | B29: 28mm | E29: UNID | F29: 15 | G29: 8.1 | H29: =F29*G29 -> 121.5
A30: 3.4 | B30: 35mm | E30: UNID | F30: 10 | G30: 20.7 | H30: =F30*G30 -> 207
A31: 4 | B31: TEE DE COBRE, SEM ANEL (NR 611) | H31: =SUBTOTAL(9,H32:H35) -> 534.62
A32: 4.1 | B32: 15mm | E32: UNID | F32: 120 | G32: 3.06 | H32: =F32*G32 -> 367.2
A33: 4.2 | B33: 22mm | E33: UNID | F33: 10 | G33: 6.3 | H33: =F33*G33 -> 63
A34: 4.3 | B34: 28mm | E34: UNID | F34: 5 | G34: 10.66 | H34: =F34*G34 -> 53.3
A35: 4.4 | B35: 35mm | E35: UNID | F35: 2 | G35: 25.56 | H35: =F35*G35 -> 51.12
A36: 5 | B36: BUCHA DE REDUÇÃO COBRE , SEM ANEL (NR 600-2) | H36: =SUBTOTAL(9,H37:H42) -> 173.03
A37: 5.1 | B37: 22 X 15mm | E37: UNID | F37: 26 | G37: 2.7 | H37: =F37*G37 -> 70.2
A38: 5.2 | B38: 28 X 22mm | E38: UNID | F38: 4 | G38: 3.46 | H38: =F38*G38 -> 13.84
A39: 5.3 | B39: 28 X 22mm | E39: UNID | F39: 7 | G39: 3.6 | H39: =F39*G39 -> 25.2
A40: 5.4 | B40: 35 X 15mm | E40: UNID | F40: 1 | G40: 11.97 | H40: =F40*G40 -> 11.97
A41: 5.5 | B41: 35 X 22mm | E41: UNID | F41: 1 | G41: 9.18 | H41: =F41*G41 -> 9.18
A42: 5.6 | B42: 35 X 28mm | E42: UNID | F42: 4 | G42: 10.66 | H42: =F42*G42 -> 42.64
A43: 6 | B43: CONECTOR MACHO LATÃO (NR 604) | H43: =SUBTOTAL(9,H44:H47) -> 311.52
A44: 6.1 | B44: 15 X 1/2" | E44: UNID | F44: 24 | G44: 5.13 | H44: =F44*G44 -> 123.12
A45: 6.2 | B45: 22 X 3/4" | E45: UNID | F45: 10 | G45: 7.13 | H45: =F45*G45 -> 71.3
A46: 6.3 | B46: 28 X 1" | E46: UNID | F46: 2 | G46: 10.55 | H46: =F46*G46 -> 21.1
A47: 6.4 | B47: 35 X 1.1/4" | E47: UNID | F47: 6 | G47: 16 | H47: =F47*G47 -> 96
A48: 7 | B48: VALVULA ESFERA DE LATÃO, TOPO MONOBLOCO ALAVANCA | H48: =SUBTOTAL(9,H49:H52) -> 1130.4
A49: 7.1 | B49: 1/2" | E49: UNID | F49: 12 | G49: 29.7 | H49: =F49*G49 -> 356.4
A50: 7.2 | B50: 3/4" | E50: UNID | F50: 5 | G50: 36 | H50: =F50*G50 -> 180
A51: 7.3 | B51: 1" | E51: UNID | F51: 1 | G51: 59.4 | H51: =F51*G51 -> 59.4
A52: 7.4 | B52: 1.1/4" | E52: UNID | F52: 3 | G52: 178.2 | H52: =F52*G52 -> 534.6
A53: 8 | B53: MATERIAL SOLDA, TESTE, LIMPEZA E PINTURA | H53: =SUBTOTAL(9,H54:H54) -> 15200
A54: 8.1 | B54: VERBA | E54: VB | F54: 1 | G54: 15200 | H54: 15200
A55: 9 | B55: SUPORTAÇÃO, FIXAÇÃO E INSUMOS | H55: =SUBTOTAL(9,H56:H56) -> 10200
A56: 9.1 | B56: VERBA | E56: VB | F56: 1 | G56: 10200 | H56: 10200
A57: 10 | B57: TERMINAIS / CAIXAS | H57: =SUBTOTAL(9,H58:H60) -> 4259.56
A58: 10.1 | B58: TARUGO PARA POSTO EMBUTIDO COMPLETO | E58: UNID | F58: 127 | G58: 12.28 | H58: =F58*G58 -> 1559.56
A59: 10.2 | B59: CAIXA DE SECCIONAMENTO COMPLETA (30X30) | E59: UNID | F59: 2 | G59: 480 | H59: =F59*G59 -> 960
A60: 10.3 | B60: CAIXA DE SECCIONAMENTO COMPLETA (35X35) | E60: UNID | F60: 3 | G60: 580 | H60: =F60*G60 -> 1740
A61: 11 | B61: PAINÉIS DE ALARME EMBUTIDO | H61: =SUBTOTAL(9,H62:H62) -> 16500
A62: 11.1 | B62: PAINEL DE ALARME - BIVOLT COMPLETO | E62: UNID | F62: 11 | G62: 1500 | H62: 16500
A63: 12 | B63: ACABAMENTO COM CANOPLA | H63: =SUBTOTAL(9,H64:H64) -> 275
A64: 12.1 | B64: CANOPLA PLÁSTICA BRANCA P/ POSTO EMBUTIDO - COMPLETA | E64: UNID | F64: 5 | G64: 55 | H64: 275
A65: 13 | B65: DIVERSOS | H65: =SUBTOTAL(9,H66:H69) -> 30820
A66: 13.1 | B66: REGUA MOD. MAXIM - R1 | E66: UNID | F66: 7 | G66: 630 | H66: =F66*G66 -> 4410
A67: 13.2 | B67: REGUA MOD. MAXIM - R2 | E67: UNID | F67: 12 | G67: 860 | H67: =F67*G67 -> 10320
A68: 13.3 | B68: REGUA MOD. MAXIM - R3 | E68: UNID | F68: 4 | G68: 460 | H68: =F68*G68 -> 1840
A69: 13.4 | B69: REGUA MOD. MAXIM - R4 | E69: UNID | F69: 15 | G69: 950 | H69: =F69*G69 -> 14250
A71: =IF(#REF!=0," ",CONCATENATE(#REF!,#REF!,#REF!)) -> #REF! | E71: =IFERROR(IF(#REF!<>0,INDEX(#REF!,MATCH(#REF!,#REF!,0),3),0)," ") | G71: =IFERROR(IF(#REF!<>0,INDEX(#REF!,MATCH(#REF!,#REF!,0),4),0)," ") | H71: =IFERROR(ROUND(F71*G71,2)," ")
B72: =#REF! -> #REF! | E72: =IFERROR(IF(#REF!<>0,INDEX(#REF!,MATCH(#REF!,#REF!,0),3),0)," ") | G72: =IFERROR(IF(#REF!<>0,INDEX(#REF!,MATCH(#REF!,#REF!,0),4),0)," ") | H72: =IFERROR(ROUND(F72*G72,2)," ")
A73: =IF(#REF!=0," ",CONCATENATE(#REF!,#REF!,#REF!)) -> #REF! | E73: =IFERROR(IF(#REF!<>0,INDEX(#REF!,MATCH(#REF!,#REF!,0),3),0)," ") | G73: =IFERROR(IF(#REF!<>0,INDEX(#REF!,MATCH(#REF!,#REF!,0),4),0)," ") | H73: =IFERROR(ROUND(F73*G73,2)," ")
B74: TOTAL ORÇAMENTO | H74: =SUBTOTAL(9,H16:H70) -> 180781.9
F78: Itapetininga, 19 de Dezembro de 2014

Sheet Ar Condicionado
B1: PREFEITURA do MUNICÍPIO de ITAPETININGA
B2: ____________ ESTADO DE SÃO PAULO ____________
B5: PLANILHA ORÇAMENTÁRIA - SISTEMA DE AR CONDICIONADO E EXAUSTÃO
A7: OBRA: | B7: ADEQUAÇÃO HOSPITAL REGIONAL | L7: B.D.I:
A8: LOCAL: | B8: RUA PADRE ALBUQUERQUE - ITAPETININGA-SP
G9: B.D.I: | H9: 0.25
A10: DATA BASE: PINI Novembro/2014, CPOS 164 c/ desoneração - Dezembro/2014 e MERCADO
A13: CÓDIGO | B13: DESCRIÇÃO DOS SERVIÇOS | E13: UNID | F13: QUANT | G13: PREÇO
G14: UNITÁRIO | H14: TOTAL
A16: 1. | B16: EQUIPAMENTOS | F16: 10 | H16: =SUBTOTAL(9,H17:H43) -> 114115.12
A17: 1.1 | B17: Chiller parafuso, com capacidade nominal de 75TR, vazão de água de 39,72m³/h, modelo Samurai, marca Hitachi. | E17: Eq | F17: 2 | G17: 25000 | H17: =F17*G17 -> 50000 | L17: 25000
A18: 1.2 | B18: Bomba de água gelada, vazão de 39,72m³/h, com 45MCa. Marca referência KSB. | E18: Eq | F18: 3 | G18: 5100 | H18: =F18*G18 -> 15300 | L18: 5100
A19: 1.3 | B19: Condicionador de ar Fancoil, capacidade total de 11061Kcal/h, vazão de 2504m³/h, referência modelo TKZ da Trox. | E19: Eq | F19: 2 | G19: 2300 | H19: =F19*G19 -> 4600 | L19: 2300
A20: 1.4 | B20: Condicionador de ar Fancoil, capacidade total de 10903 Kcal/h, vazão de 2446m³/h, referência modelo TKZ da Trox. | E20: Eq | F20: 1 | G20: 2250 | H20: =F20*G20 -> 2250 | L20: 2250
A21: 1.5 | B21: Condicionador de ar Fancoil, capacidade total de 18498 Kcal/h, vazão de 4607m³/h, referência modelo TKZ da Trox. | E21: Eq | F21: 1 | G21: 2115 | H21: =F21*G21 -> 2115 | L21: 2115
A22: 1.6 | B22: Condicionador de ar Fancoil, capacidade total de 13056 Kcal/h, vazão de 2584m³/h, referência modelo TKZ da Trox. | E22: Eq | F22: 1 | G22: 2326.12 | H22: =F22*G22 -> 2326.12 | L22: 2326
A23: 1.7 | B23: Condicionador de ar Fancoil, capacidade total de 13242 Kcal/h, vazão de 2653m³/h, referência modelo TKZ da Trox. | E23: Eq | F23: 1 | G23: 2426 | H23: =F23*G23 -> 2426 | L23: 2426
A24: 1.8 | B24: Condicionador de ar Fancoil, capacidade total de 8750 Kcal/h, vazão de 1631m³/h, referência modelo TKZ da Trox. | E24: Eq | F24: 1 | G24: 1900 | H24: =F24*G24 -> 1900 | L24: 1900
A25: 1.9 | B25: Condicionador de ar Fancoil, capacidade total de 9851 Kcal/h, vazão de 900m³/h, referência modelo ICH da Trox. | E25: Eq | F25: 1 | G25: 2022 | H25: =F25*G25 -> 2022 | L25: 2022
A26: 1.10 | B26: Condicionador de ar Fancoil, capacidade total de 6185 Kcal/h, vazão de 1752m³/h, referência modelo TKZ da Trox. | E26: Eq | F26: 1 | G26: 1720 | H26: =F26*G26 -> 1720 | L26: 1720
A27: 1.11 | B27: Condicionador de ar Fancoil, capacidade total de 5051 Kcal/h, vazão de 1338m³/h, referência modelo TKZ da Trox. | E27: Eq | F27: 1 | G27: 1896 | H27: =F27*G27 -> 1896 | L27: 1896
A28: 1.12 | B28: Condicionador de ar Fancoil, capacidade total de 4382 Kcal/h, vazão de 1329m³/h, referência modelo TKZ da Trox. | E28: Eq | F28: 1 | G28: 1720 | H28: =F28*G28 -> 1720 | L28: 1720
... A43: 1.27 | B43: Micro Ventilador Centrífugo, modelo AXC 315A da Multivac | E43: Eq | F43: 2 | G43: 132 | H43: =F43*G43 -> 264 | L43: 132
A44: 2. | B44: REDE DE DUTOS | H44: =SUBTOTAL(9,H45:H48) -> 32880
A45: 2.1 | B45: Chapa galvanizada | E45: Kg | F45: 2500 | G45: 9 | H45: =F45*G45 -> 22500 | L45: 9
A46: 2.2 | B46: Chapa de alumínio para fabricação dos dutos nos centros cirurgicos. | E46: Kg | F46: 860 | G46: 5 | H46: =F46*G46 -> 4300 | L46: 5
A47: 2.3 | B47: lã de vidro revestida com papel kraft aluminizada, espessura de 1" para isolamento térmico da rede de dutos. | E47: m² | F47: 600 | G47: 5.8 | H47: =F47*G47 -> 3480 | L47: 5.8
A48: 2.4 | B48: Acessórios e fixação para os dutos | E48: Vb | F48: 1 | G48: 2600 | H48: =F48*G48 -> 2600 | L48: 2600
A49: 3. | B49: BOCAS DE AR | H49: =SUBTOTAL(9,H50:H57) -> 95523.96
A50: 3.1 | B50: Difusores hospitalares quadrados de teto, em conjunto com difusores lineares de 300 x 1200mm, formando quadrado, com correto fluxo de ar para instalação nos Centros cirurgicos, modelo referência ICLF da Trox. | E50: Cj | F50: 7 | G50: 2500 | H50: =F50*G50 -> 17500 | L50: 2500
A51: 3.2 | B51: Grelha de retorno de lâminas fixas, dimensão de 325x225mm. | E51: Pç | F51: 3 | G51: 1200 | H51: =F51*G51 -> 3600 | L51: 1200
A52: 3.3 | B52: Grelha de retorno de lâminas fixas, dimensão de 325x165mm. | E52: Pç | F52: 15 | G52: 1190 | H52: =F52*G52 -> 17850 | L52: 1190
A53: 3.4 | B53: Grelha de exaustão com lâminas fixas, dimensão de 225 x 125mm. | E53: Pç | F53: 42 | G53: 1170.88 | H53: =F53*G53 -> 49176.96 | L53: 1215
A54: 3.5 | B54: Veneziana para tomada de ar exterior, composta de tela, registro e filtro, construídas em alumínio anodizado, dimensão de 375 x 325. | E54: Pç | F54: 6 | G54: 250 | H54: =F54*G54 -> 1500 | L54: 250
A55: 3.6 | B55: Difusores de insuflamento, quadrados, de teto, construídos em alumínio anodizado, tam 4. | E55: Pç | F55: 15 | G55: 301 | H55: =F55*G55 -> 4515 | L55: 301
A56: 3.7 | B56: Grelha de porta de lâminas fixas, com aletas horizontais em V - dimensão de 825x325mm. | E56: Pç | F56: 5 | G56: 52 | H56: =F56*G56 -> 260 | L56: 52
A57: 3.8 | B57: Grelha de insuflamento de ar externo com lâminas fixas, dimensão de 225 x 125mm. | E57: Pç | F57: 22 | G57: 51 | H57: =F57*G57 -> 1122 | L57: 51
A58: 4. | B58: HIDRÁULICA DE ÁGUA GELADA | H58: =SUBTOTAL(9,H59:H77) -> 38563.4
A59: 4.1 | B59: Cavalete hidráulico para chiller, completo, incluindo válvulas de bloqueio e filtro Y, termômetro e manômetro. | E59: Cj | F59: 2 | G59: 1200 | H59: =F59*G59 -> 2400 | L59: 1200
A60: 4.2 | B60: Cavalete hidráulico para bombas de água gelada, completo, incluindo válvulas de bloqueio e filtro Y, termõmetro e manômetro | E60: Cj | F60: 3 | G60: 1000 | H60: =F60*G60 -> 3000 | L60: 1000
A61: 4.3 | B61: Cavalete hidráulico para fancoils, incluindo válvula de controle do tipo 3 vias, com atuador proporcional, válvulas de bloqueio do tipo globo e gaveta, filtro Y, termômetro e Manômetro. Ø1" | E61: Cj | F61: 13 | G61: 920 | H61: =F61*G61 -> 11960 | L61: 920
A62: 4.4 | B62: Cavalete hidráulico para fancoils, incluindo válvula de controle do tipo 3 vias, com atuador proporcional, válvulas de bloqueio do tipo globo e gaveta, filtro Y, termômetro e Manômetro. Ø3/4" | E62: Cj | F62: 1 | G62: 450 | H62: =F62*G62 -> 450 | L62: 450
A63: 4.5 | B63: Cavalete hidráulico para fancolete, incluindo válvula de controle do tipo 2 vias, com atuador on/off, válvulas de bloqueio do tipo globo e gaveta. | E63: Cj | F63: 22 | G63: 125 | H63: =F63*G63 -> 2750 | L63: 125
A64: 4.6 | B64: Tubo em aço carbono galvanizado, tipo Schedule 40 sem costura, com diâmetro de 3" | E64: m | F64: 30 | G64: 52 | H64: =F64*G64 -> 1560 | L64: 52
A65: 4.7 | B65: Tubo em aço carbono galvanizado, tipo Schedule 40 sem costura, com diâmetro de 2 1/2" | E65: m | F65: 60 | G65: 50 | H65: =F65*G65 -> 3000 | L65: 50
A66: 4.8 | B66: Tubo em aço carbono galvanizado, tipo Schedule 40 sem costura, com diâmetro de 2" | E66: m | F66: 40 | G66: 45 | H66: =F66*G66 -> 1800 | L66: 45
A67: 4.9 | B67: Tubo em aço carbono galvanizado, tipo Schedule 40 sem costura, com diâmetro de 1 1/2" | E67: m | F67: 30 | G67: 40 | H67: =F67*G67 -> 1200 | L67: 40
A68: 4.10 | B68: Tubo em aço carbono galvanizado, tipo Schedule 40 sem costura, com diâmetro de 1" | E68: m | F68: 114 | G68: 32 | H68: =F68*G68 -> 3648 | L68: 32
A69: 4.11 | B69: Tubo em aço carbono galvanizado, tipo Schedule 40 sem costura, com diâmetro de 3/4" | E69: m | F69: 144 | G69: 28 | H69: =F69*G69 -> 4032 | L69: 28
A70: 4.12 | B70: Tubo de borracha elastomérica para isolamento térmico, celulas fechadas, parede de 25mm de espessura, Ø3". Modelo referência: linha AF da Armacell | F70: 39 | G70: 3.8 | H70: =F70*G70 -> 148.2 | L70: 3.8
A71: 4.13 | B71: Tubo de borracha elastomérica para isolamento térmico, celulas fechadas, parede de 25mm de espessura, Ø2 1/2". Modelo referência: linha AF da Armacell | E71: m | F71: 78 | G71: 3.8 | H71: =F71*G71 -> 296.4 | L71: 3.8
A72: 4.14 | B72: Tubo de borracha elastomérica para isolamento térmico, celulas fechadas, parede de 25mm de espessura, Ø2". Modelo referência: linha AF da Armacell | E72: m | F72: 52 | G72: 3.8 | H72: =F72*G72 -> 197.6 | L72: 3.8
A73: 4.15 | B73: Tubo de borracha elastomérica para isolamento térmico, celulas fechadas, parede de 25mm de espessura, Ø1 1/2". Modelo referência: linha AF da Armacell | E73: m | F73: 39 | G73: 3.8 | H73: =F73*G73 -> 148.2 | L73: 3.8
A74: 4.16 | B74: Tubo de borracha elastomérica para isolamento térmico, celulas fechadas, parede de 25mm de espessura, Ø1". Modelo referência: linha AF da Armacell | E74: m | F74: 148 | G74: 3.8 | H74: =F74*G74 -> 562.4 | L74: 3.8
A75: 4.17 | B75: Tubo de borracha elastomérica para isolamento térmico, celulas fechadas, parede de 25mm de espessura, Ø3/4". Modelo referência: linha AF da Armacell | E75: m | F75: 187 | G75: 3.8 | H75: =F75*G75 -> 710.6 | L75: 3.8
A76: 4.18 | B76: Cola de contato para fixação das borrachas, galão de 5 litros, marca referência: Armacell | E76: gl | F76: 10 | G76: 25 | H76: =F76*G76 -> 250 | L76: 25
A77: 4.19 | B77: Aliumínio liso, espessura de 0,4mm | E77: m² | F77: 100 | G77: 4.5 | H77: =F77*G77 -> 450 | L77: 4.5
A78: 5. | B78: INTERLIGAÇÕES ELÉTRICAS | H78: =SUBTOTAL(9,H79:H102) -> 19077.25
A79: 5.1 | B79: Cabo tipo PP com 4 condutores de 2,5mm² | E79: m | F79: 550 | G79: 1.85 | H79: =F79*G79 -> 1017.5 | L79: 1.85
A80: 5.2 | B80: Cabo tipo PP com 4 condutores de 6mm² | E80: m | F80: 220 | G80: 2.21 | H80: =F80*G80 -> 486.2 | L80: 2.21
A81: 5.3 | B81: Cabo de força de 120 mm² | E81: m | F81: 60 | G81: 34.3 | H81: =F81*G81 -> 2058 | L81: 34.3
A82: 5.4 | B82: Cabo de força de 70 mm² | E82: m | F82: 20 | G82: 15.73 | H82: =F82*G82 -> 314.6 | L82: 15.73
A83: 5.5 | B83: Cabo de força de 50 mm² | E83: m | F83: 450 | G83: 15.37 | H83: =F83*G83 -> 6916.5 | L83: 15.37
A84: 5.6 | B84: Cabo de força de 25 mm² | E84: m | F84: 30 | G84: 7.35 | H84: =F84*G84 -> 220.5 | L84: 7.35
A85: 5.7 | B85: Eletrocalha aparente p.l.u 300x125 | E85: br | F85: 10 | G85: 32 | H85: =F85*G85 -> 320 | L85: 32
A86: 5.8 | B86: Eletroduto galvanizado, linha média de Ø1". Barras de 3m | E86: Br | F86: 75 | G86: 8.5 | H86: =F86*G86 -> 637.5 | L86: 8.5
A87: 5.9 | B87: Eletroduto galvanizado, linha média de Ø3/4". Barras de 3m | E87: Br | F87: 185 | G87: 7.92 | H87: =F87*G87 -> 1465.2 | L87: 7.92
A88: 5.10 | B88: Abraçadeira Ø1" | E88: Pç | F88: 105 | G88: 0.25 | H88: =F88*G88 -> 26.25 | L88: 0.25
A89: 5.11 | B89: Abraçadeira Ø3/4" | E89: Pç | F89: 1050 | G89: 0.18 | H89: =F89*G89 -> 189 | L89: 0.18
A90: 5.12 | B90: Condulete sem rosca Ø 1" | E90: Pç | F90: 55 | G90: 5.1 | H90: =F90*G90 -> 280.5 | L90: 5.1
... A102: 5.24 | B102: Abraçadeira Hellerman | E102: cento | F102: 4 | G102: 25 | H102: =F102*G102 -> 100 | L102: 25
A103: 6. | B103: QUADROS ELÉTRICOS | H103: =SUBTOTAL(9,H104:H120) -> 64683
A104: 6.1 | B104: Quadro de força QE-CAG para alimentação do chiller e das bombas. | E104: Pç | F104: 1 | G104: 8700 | H104: =F104*G104 -> 8700 | L104: 8700
A105: 6.2 | B105: Quadro de força QE-01/QE-02 para alimentação dos fancoils e exaustores das salas de parto cirurgico 01 e 02. | E105: Pç | F105: 2 | G105: 3200 | H105: =F105*G105 -> 6400 | L105: 3200
A106: 6.3 | B106: Quadro de força QE-03 para alimentação do fancoils e exaustor da sala de pequenas cirurgias. | E106: Pç | F106: 1 | G106: 3200 | H106: =F106*G106 -> 3200 | L106: 3200
A107: 6.4 | B107: Quadro de força QE-04 para alimentação do fancoils e exaustor da sala de grandes cirurgias. | E107: Pç | F107: 1 | G107: 3200 | H107: =F107*G107 -> 3200 | L107: 3200
A108: 6.5 | B108: Quadro de força QE-05/QE-06 para alimentação dos fancoils e exaustores das salas de media cirurgia 01 e 02. | E108: Pç | F108: 2 | G108: 3200 | H108: =F108*G108 -> 6400 | L108: 3200
A109: 6.6 | B109: Quadro de força QE-07 para alimentação do fancoils e exaustor da sala de RPA. | E109: Pç | F109: 1 | G109: 3200 | H109: =F109*G109 -> 3200 | L109: 3200
A110: 6.7 | B110: Quadro de força QE-08 para alimentação do fancoils e exaustor da sala de Isolamento neonatal | E110: Pç | F110: 1 | G110: 3200 | H110: =F110*G110 -> 3200 | L110: 3200
A111: 6.8 | B111: Quadro de força QE-09 para alimentação do fancoils e exaustor da sala de Pré Parto | E111: Pç | F111: 1 | G111: 3200 | H111: =F111*G111 -> 3200 | L111: 3200
A112: 6.9 | B112: Quadro de força QE-10 para alimentação do fancoils e exaustor da sala de Cuidados Intermediário | E112: Pç | F112: 1 | G112: 3200 | H112: =F112*G112 -> 3200 | L112: 3200
A113: 6.10 | B113: Quadro de força QE-11 para alimentação do fancoils e exaustor da sala de Parto Normal | E113: Pç | F113: 1 | G113: 3200 | H113: =F113*G113 -> 3200 | L113: 3200
A114: 6.11 | B114: Quadro de força QE-12 para alimentação do fancoils e exaustor da sala de PPA 1 | E114: Pç | F114: 1 | G114: 3200 | H114: =F114*G114 -> 3200 | L114: 3200
A115: 6.12 | B115: Quadro de força QE-13 para alimentação do fancoils e exaustor da sala de PPA 2. | E115: Pç | F115: 1 | G115: 3200 | H115: =F115*G115 -> 3200 | L115: 3200
... A120: 6.17 | B120: Quadro de força QE-19 a QE-40 para alimentação dos fancoletes | E120: Pç | F120: 22 | G120: 312 | H120: =F120*G120 -> 6864 | L120: 312
A121: 7. | B121: SUPORTES | H121: =SUBTOTAL(9,H122:H131) -> 26080
A122: 7.1 | B122: Amortecedores de vibração. Modelo ref: FSD da Somax | E122: Pç | F122: 30 | G122: 5.3 | H122: =F122*G122 -> 159 | L122: 5.3
A123: 7.2 | B123: Manta de neoprene de 1" | E123: m² | F123: 100 | G123: 12.2 | H123: =F123*G123 -> 1220 | L123: 12.2
A124: 7.3 | B124: Perfilado perfurado | E124: m | F124: 300 | G124: 24.79 | H124: =F124*G124 -> 7437 | L124: 24.79
A125: 7.4 | B125: Sapatas para perfilado | E125: Pç | F125: 400 | G125: 7.44 | H125: =F125*G125 -> 2976 | L125: 7.44
A126: 7.5 | B126: varão roscado de 1 1/2" x 3/16" | E126: m | F126: 300 | G126: 7.78 | H126: =F126*G126 -> 2334 | L126: 7.78
A127: 7.6 | B127: Chumbador | E127: Pç | F127: 2000 | G127: 0.68 | H127: =F127*G127 -> 1360 | L127: 0.68
A128: 7.7 | B128: Parafuso Porca e arruels | E128: Pç | F128: 3000 | G128: 0.26 | H128: =F128*G128 -> 780 | L128: 0.26
A129: 7.8 | B129: Viga U 3ª alma de 2" | E129: Br | F129: 100 | G129: 39.6 | H129: =F129*G129 -> 3960 | L129: 39.6
A130: 7.9 | B130: Zarcão para pintura | E130: Gl | F130: 40 | G130: 22 | H130: =F130*G130 -> 880 | L130: 22
A131: 7.10 | B131: Cambotas de madeira, recozidas em óleo nos diâmetros conforme necessários | E131: Pç | F131: 300 | G131: 16.58 | H131: =F131*G131 -> 4974 | L131: 16.58
A132: 8. | B132: SERVIÇOS COMPLEMENTARES | H132: =SUBTOTAL(9,H133:H140) -> 23303
A133: 8.1 | B133: Transporte Vertical para instalação dos componentes em Obra | E133: Vb | F133: 1 | G133: 2300 | H133: =F133*G133 -> 2300 | L133: 2300
A134: 8.2 | B134: Transporte Horizontal de todos os materiais ao local da Obraa | E134: Vb | F134: 1 | G134: 1523 | H134: =F134*G134 -> 1523 | L134: 1523
A135: 8.3 | B135: Andaimes, escadas e plataformas | E135: Vb | F135: 1 | G135: 2632 | H135: =F135*G135 -> 2632 | L135: 2632
...

Sheet Hidraulica
B1: PREFEITURA do MUNICÍPIO de ITAPETININGA
B2: ____________ ESTADO DE SÃO PAULO ____________
B5: PLANILHA ORÇAMENTÁRIA - INSTALAÇÃO HIDRÁULICA
A7: OBRA: | B7: ADEQUAÇÃO HOSPITAL REGIONAL
A8: LOCAL: | B8: RUA PADRE ALBUQUERQUE - ITAPETININGA-SP
G9: B.D.I: | H9: 0.25
A10: DATA BASE: PINI Novembro/2014, CPOS 164 c/ desoneração - Dezembro/2014 e MERCADO
A13: CÓDIGO | B13: DESCRIÇÃO DOS SERVIÇOS | E13: UNID | F13: QUANT | G13: PREÇO
G14: UNITÁRIO | H14: TOTAL
A16: 1. | B16: TUBULAÇÃO DE AGUA FRIA E ESGOTO | F16: 305 | H16: =SUBTOTAL(9,H17:H23) -> 66280.1
A17: 1.1 | B17: Tubulação em PVC rígido , cor branca de Ø100mm, incluindo soldas, aecssórios e conexões necessárias as instalações | E17: br | F17: 85 | G17: 170 | H17: =G17*F17 -> 14450
A18: 1.2 | B18: Tubulação em PVC rígido , cor branca de Ø75mm, incluindo soldas, aecssórios e conexões necessárias as instalações | E18: br | F18: 55 | G18: 157 | H18: =G18*F18 -> 8635
A19: 1.3 | B19: Tubulação em PVC rígido , cor branca de Ø50mm, incluindo soldas, aecssórios e conexões necessárias as instalações | E19: br | F19: 48 | G19: 153 | H19: =G19*F19 -> 7344
A20: 1.4 | B20: Tubulação em PVC rígido , cor branca de Ø40mm, incluindo soldas, aecssórios e conexões necessárias as instalações | E20: br | F20: 60 | G20: 150 | H20: =G20*F20 -> 9000
A21: 1.6 | B21: Tubulação em PVC rígido , cor branca de Ø32mm, incluindo soldas, aecssórios e conexões necessárias as instalações | E21: br | F21: 57 | G21: 150 | H21: =G21*F21 -> 8550
A22: 1.7 | B22: Tubulação em PVC rígido , cor branca de Ø25mm, incluindo soldas, aecssórios e conexões necessárias as instalações | E22: br | F22: 68 | G22: 134.25 | H22: =G22*F22 -> 9129
A23: 1.8 | B23: Tubulação em PVC rígido , cor branca de Ø20mm, incluindo soldas, aecssórios e conexões necessárias as instalações | E23: br | F23: 70 | G23: 131.03 | H23: =G23*F23 -> 9172.1
A24: 2. | B24: SERVIÇOS COMPLEMENTARES | H24: =SUBTOTAL(9,H25:H35) -> 18515
A25: 2.1 | B25: Transporte Vertical para instalação dos componentes em Obra | E25: Vb | F25: 1 | G25: 1254 | H25: =G25*F25 -> 1254
A26: 2.2 | B26: Transporte Horizontal de todos os materiais ao local da Obraa | E26: Vb | F26: 1 | G26: 5449 | H26: =G26*F26 -> 5449
A27: 2.3 | B27: Andaimes, escadas e plataformas | E27: Vb | F27: 1 | G27: 785 | H27: =G27*F27 -> 785
A28: 2.4 | B28: Engenharia de Obra | E28: Vb | F28: 1 | G28: 5600 | H28: =G28*F28 -> 5600
A29: 2.5 | B29: Supervisão dos Serviços em Campo | E29: Vb | F29: 1 | G29: 3200 | H29: =G29*F29 -> 3200
A30: 2.6 | B30: Alimentação e Estadias | E30: Vb | F30: 1 | G30: 854 | H30: =G30*F30 -> 854
A31: 2.7 | B31: ART (Anotação de Responsabilidade Técnica) | E31: Vb | F31: 1 | G31: 650 | H31: =G31*F31 -> 650
A32: 2.8 | B32: Limpeza geral da Obra | E32: Vb | F32: 1 | G32: 723 | H32: =G32*F32 -> 723
A33: =IF(#REF!=0," ",CONCATENATE(#REF!,#REF!,#REF!)) -> #REF! | E33: =IFERROR(IF(#REF!<>0,INDEX(#REF!,MATCH(#REF!,#REF!,0),3),0)," ") | G33: =IFERROR(IF(#REF!<>0,INDEX(#REF!,MATCH(#REF!,#REF!,0),4),0)," ") | H33: =IFERROR(ROUND(F33*G33,2)," ")
B34: =#REF! -> #REF! | E34: =IFERROR(IF(#REF!<>0,INDEX(#REF!,MATCH(#REF!,#REF!,0),3),0)," ") | G34: =IFERROR(IF(#REF!<>0,INDEX(#REF!,MATCH(#REF!,#REF!,0),4),0)," ") | H34: =IFERROR(ROUND(F34*G34,2)," ")
A35: =IF(#REF!=0," ",CONCATENATE(#REF!,#REF!,#REF!)) -> #REF! | E35: =IFERROR(IF(#REF!<>0,INDEX(#REF!,MATCH(#REF!,#REF!,0),3),0)," ") | G35: =IFERROR(IF(#REF!<>0,INDEX(#REF!,MATCH(#REF!,#REF!,0),4),0)," ") | H35: =IFERROR(ROUND(F35*G35,2)," ")
B36: TOTAL ORÇAMENTO | H36: =SUBTOTAL(9,H16:H32) -> 84795.1
F40: Itapetininga, 19 de Dezembro de 2014

Sheet Cronograma
B1: ='Civil '!B1 -> PREFEITURA do MUNICÍPIO de ITAPETININGA
B2: ='Civil '!B2 -> ____________ ESTADO DE SÃO PAULO ____________
B4: CRONOGRAMA FISICO FINANCEIRO
B6: OBRA: ADEQUAÇÃO HOSPITAL REGIONAL
B7: LOCAL: RUA PADRE ALBUQUERQUE - ITAPETININGA-SP
A9: ÍTEM | B9: DESCRIÇÃO | C9: VALOR | D9: MESES
D10: 1 | E10: 2 | F10: 3 | G10: 4 | H10: 5 | I10: 6 | J10: 7
A11: 1. | B11: SERVIÇOS PRELIMINARES | C11: 23929.94 | D11: =C11 -> 23929.94 | E11: 0 | F11: 0 | G11: 0 | H11: 0 | I11: =IF($A11<>0,INDEX('Civil '!$A$15:$H$76,MATCH($A11,'Civil '!$A$15:$A$76,0),25)," ") -> #REF! | J11: =IF($A11<>0,INDEX('Civil '!$A$15:$H$76,MATCH($A11,'Civil '!$A$15:$A$76,0),26)," ") -> #REF!
A14: 2. | B14: DEMOLIÇÕES / RETIRADAS | C14: 5284.71 | D14: 5284.71 | E14: 0 | F14: 0 | G14: 0 | H14: 0 | I14: =IF($A14<>0,INDEX('Civil '!$A$15:$H$76,MATCH($A14,'Civil '!$A$15:$A$76,0),25)," ") -> #REF! | J14: =IF($A14<>0,INDEX('Civil '!$A$15:$H$76,MATCH($A14,'Civil '!$A$15:$A$76,0),26)," ") -> #REF!
A17: 3. | B17: LAJE PRÉ-FABRICADA | C17: 1262.29 | D17: 0 | E17: 1262.29 | F17: 0 | G17: 0 | H17: 0 | I17: =IF($A17<>0,INDEX('Civil '!$A$15:$H$76,MATCH($A17,'Civil '!$A$15:$A$76,0),25)," ") -> #REF! | J17: =IF($A17<>0,INDEX('Civil '!$A$15:$H$76,MATCH($A17,'Civil '!$A$15:$A$76,0),26)," ") -> #REF!
A20: 4. | B20: ALVENARIA E OUTROS ELEMENTOS DIVISÓRIOS | C20: 45738.14 | D20: 22869.07 | E20: 22869.07 | F20: 0 | G20: 0 | H20: 0 | I20: =IF($A20<>0,INDEX('Civil '!$A$15:$H$76,MATCH($A20,'Civil '!$A$15:$A$76,0),25)," ") -> #REF! | J20: =IF($A20<>0,INDEX('Civil '!$A$15:$H$76,MATCH($A20,'Civil '!$A$15:$A$76,0),26)," ") -> #REF!
A23: 5. | B23: ELEMENTOS DE MADEIRA / COMPONENTES ESPECIAIS | C23: 13420.21 | D23: 0 | E23: 0 | F23: 0 | G23: 13420.21 | H23: 0 | I23: =IF($A23<>0,INDEX('Civil '!$A$15:$H$76,MATCH($A23,'Civil '!$A$15:$A$76,0),25)," ") -> #REF! | J23: =IF($A23<>0,INDEX('Civil '!$A$15:$H$76,MATCH($A23,'Civil '!$A$15:$A$76,0),26)," ") -> #REF!
A26: 6. | B26: ELEMENTOS METÁLICOS / COMPONENTES ESPECIAIS | C26: 764.92 | D26: 0 | E26: 0 | F26: 0 | G26: 764.92 | H26: 0 | I26: =IF($A26<>0,INDEX('Civil '!$A$15:$H$76,MATCH($A26,'Civil '!$A$15:$A$76,0),25)," ") -> #REF! | J26: =IF($A26<>0,INDEX('Civil '!$A$15:$H$76,MATCH($A26,'Civil '!$A$15:$A$76,0),26)," ") -> #REF!
A29: 7. | B29: REVESTIMENTOS - PAREDE | C29: 69637.86 | D29: 885.59 | E29: 9628.67 | F29: 41386.52 | G29: 17737.08 | H29: 0 | I29: =IF($A29<>0,INDEX('Civil '!$A$15:$H$76,MATCH($A29,'Civil '!$A$15:$A$76,0),25)," ") -> #REF! | J29: =IF($A29<>0,INDEX('Civil '!$A$15:$H$76,MATCH($A29,'Civil '!$A$15:$A$76,0),26)," ") -> #REF!
A32: 8. | B32: PISOS INTERNOS | C32: 83777.65 | D32: 0 | E32: 25133.29 | F32: 58644.35 | G32: 0 | H32: 0 | I32: =IF($A32<>0,INDEX('Civil '!$A$15:$H$76,MATCH($A32,'Civil '!$A$15:$A$76,0),25)," ") -> #REF! | J32: =IF($A32<>0,INDEX('Civil '!$A$15:$H$76,MATCH($A32,'Civil '!$A$15:$A$76,0),26)," ") -> #REF!
A35: 9. | B35: PINTURA | C35: 96254.44 | D35: 0 | E35: 19250.888 | F35: 67378.108 | G35: 9625.444 | H35: 0 | I35: =IF($A35<>0,INDEX('Civil '!$A$15:$H$76,MATCH($A35,'Civil '!$A$15:$A$76,0),25)," ") -> #REF! | J35: =IF($A35<>0,INDEX('Civil '!$A$15:$H$76,MATCH($A35,'Civil '!$A$15:$A$76,0),26)," ") -> #REF!
A38: 10. | B38: SERVIÇOS COMPLEMENTARES | C38: 191040.91 | D38: 0 | E38: 7418.16 | F38: 23473.484 | G38: 95210.226 | H38: =C38-E38-F38-G38 -> 64939.04 | I38: =IF($A38<>0,INDEX('Civil '!$A$15:$H$76,MATCH($A38,'Civil '!$A$15:$A$76,0),25)," ") -> #REF! | J38: =IF($A38<>0,INDEX('Civil '!$A$15:$H$76,MATCH($A38,'Civil '!$A$15:$A$76,0),26)," ") -> #REF!
A41: INSTALAÇÃO ELÉTRICA, PREVENÇÃO E COMBATE A INCÊNDIO, GASES MEDICINAIS, SISTEMA DE AR CONDICIONADO E EXAUSTÃO E INSTALAÇÃO HIDRÁULICA | C41: 1417888.9 | D41: =ROUND(20%*$C$41,2) -> 283577.79 | E41: =ROUND(25%*$C$41,2) -> 354472.23 | F41: =ROUND(20%*$C$41,2) -> 283577.79 | G41: =ROUND(20%*$C$41,2) -> 283577.79 | H41: =ROUND(15%*$C$41,2) -> 212683.34 | I41: =SUM(I7:I39) -> #REF! | J41: =SUM(J7:J39) -> #REF!
A45: TOTAL ORÇAMENTO | C45: =SUM(C11:C43) -> 1949000 | D45: =SUM(D11:D43) -> 336547.1 | E45: =SUM(E11:E43) -> 440034.6 | F45: =SUM(F11:F43) -> 474460.25 | G45: =SUM(G11:G43) -> 420335.67 | H45: =SUM(H11:H43) -> 277622.38 | I45: =SUM(I11:I40) -> #REF! | J45: =SUM(J11:J40) -> #REF!
D47: =D45 -> 336547.1 | E47: =D47+E45 -> 776581.7 | F47: =E47+F45 -> 1251041.9 | G47: =F47+G45 -> 1671377.6 | H47: =G47+H45 -> 1949000 | I47: =H47+I45 -> #REF! | J47: =I47+J45 -> #REF!
F51: Itapetininga, 19 de Dezembro de 2014
